 Dungeon Crawl Stone Soup version 0.15-a0-1537-ge1f089e (webtiles) character file.

13450 Crauler the Martial Artist (level 11, -14/92 HPs)
             Began as a Yellow Draconian Transmuter on June 16, 2014.
             Was a High Priest of Makhleb.
             Hit by a large rock thrown by a cyclops (36 damage)
             ... on Level 4 of the Orcish Mines.
             The game lasted 01:11:13 (12076 turns).

Crauler the Martial Artist (DrTm)                  Turns: 12076, Time: 01:11:14

HP -14/92        AC 16     Str 12      XL: 11   Next: 75%
MP  22/25        EV 16     Int 16      God: Makhleb [*****.]
Gold 1143        SH  0     Dex 13      Spells:  4 memorised,  7 levels left

rFire  . . .     SeeInvis .       - Unarmed
rCold  . . .     Clarity  .     (armour unavailable)
rNeg   . . .     rCorr    +     (no shield)
rPois  .         rRot     .     D - +2 hat
rElec  .         Spirit   .     y - +0 cloak
SustAb .         Warding  .     (no gloves)
rMut   .         Stasis   .     B - +0 pair of boots
Gourm  +                        m - amulet of the gourmand
MR     .....                    k - +5 ring of protection
                                L - +4 ring of slaying

@: not resistant to hostile enchantments, very unstealthy
A: spit acid, acid resistance, unfitting armour, mutation resistance 1, slow
metabolism 1, cold-blooded, AC +7
a: Spit Acid, Minor Destruction, Lesser Servant of Makhleb, Major Destruction,
Greater Servant of Makhleb, Renounce Religion


You were on level 4 of the Orcish Mines.
You worshipped Makhleb.
Makhleb was extremely pleased with you.
You were completely stuffed.

You visited 3 branches of the dungeon, and saw 15 of its levels.

You collected 1143 gold pieces.

Inventory:

Armour
 y - a +0 cloak (worn)
 A - a +1 buckler
 B - a +0 pair of boots (worn)
 D - a +2 hat (worn)
Magical devices
 c - a wand of teleportation (2)
 p - a wand of polymorph (2)
 q - a wand of magic darts (9)
 s - a wand of random effects (12)
 t - a wand of polymorph (12)
 E - a wand of draining (5)
 G - a wand of slowing (6)
 K - a wand of flame (3)
Comestibles
 a - 10 bread rations
 b - 3 chunks of ogre flesh
 l - a royal jelly
 u - 16 fruits
 z - a meat ration
 C - a slice of pizza
 H - 2 beef jerkies
 N - 2 rotting chunks of orc flesh
Scrolls
 e - 3 scrolls of remove curse
 f - 4 scrolls of recharging
 g - 7 scrolls of identify
 i - 2 scrolls of magic mapping
 j - a scroll of amnesia
 o - 2 scrolls of teleportation
 F - a scroll of fear
 I - a scroll of blinking {unknown}
 M - a scroll of enchant weapon
Jewellery
 k - a +5 ring of protection (right hand)
 m - an amulet of the gourmand (around neck)
 n - an uncursed ring of poison resistance
 w - an uncursed ring of teleport control
 L - a +4 ring of slaying (left hand)
Potions
 h - 2 potions of heal wounds
 r - 2 potions of restore abilities
 v - a potion of haste
 x - a potion of curing
Books
 d - a book of Changes

   Spells                             Type                      Level
   *Beastly Appendage                 Transmutation                1
   Sticks to Snakes                   Transmutation                2
   *Spider Form                       Transmutation/Poison         3
   Ice Form                           Ice/Transmutation            4
   *Blade Hands                       Transmutation                5
 J - a book of Wizardry

   Spells                             Type                      Level
   Agony                              Necromancy                   5
   Force Lance                        Conjuration                  5
   Dispersal                          Translocation                6
   *Haste                             Charms                       6
   Invisibility                       Hexes                        6
   Spellforged Servitor               Conjuration/Summoning        7


   Skills:
 + Level 7.1 Fighting
 * Level 8.5 Dodging
 * Level 10.0 Unarmed Combat
 - Level 6.0 Spellcasting
 + Level 3.0 Charms
 - Level 8.3 Transmutations
 * Level 6.7 Invocations


You had 7 spell levels left.
You knew the following spells:

 Your Spells              Type           Power        Failure   Level  Hunger
a - Beastly Appendage     Trmt           ####..       1%          1    None
b - Spider Form           Trmt/Pois      ###.......   10%         3    ###....
c - Blade Hands           Trmt           ####......   14%         5    #####..
d - Haste                 Chrm           ##......     100%        6    #######


Dungeon Overview and Level Annotations

Branches:
Dungeon (10/15)            Temple (1/1) D:4             Orc (4/4) D:9
    Elf (0/3) Orc:4          Lair (0/8) D:10

Altars:
Ashenzari
Cheibriados
Dithmenos
Elyvilon
Fedhas
Gozag
Kikubaaqudgha
Makhleb
Okawaru
Qazlal
Sif Muna
Trog
Vehumet
Xom
Yredelemnul
The Shining One

Shops:
Orc:3 ?*   Orc:4 [


Innate Abilities, Weirdness & Mutations

You can spit globs of acid.*
You can corrode armour when you spit acid.*
You are resistant to acid.*
Your golden yellow scales are hard (AC +7).*
Your body does not fit into most forms of armour.
Your cold-blooded metabolism reacts poorly to cold.*
You are somewhat resistant to further mutation.
You have a slow metabolism.


Message History

The two-headed ogre is heavily wounded.
The two-headed ogre misses you. The two-headed ogre barely misses you.
You slash the two-headed ogre!
The two-headed ogre is almost dead.
The two-headed ogre hits you with a giant club! x2
You slice the two-headed ogre!!
You kill the two-headed ogre!
Makhleb accepts your kill.
You feel a little better. The two-headed ogre closely misses you.
The two-headed ogre hits you with a giant club.
Your hands revert to their normal proportions.
Use which ability? (? or * to list)
You fail to use your ability.
The troll closely misses you. The troll claws you! The troll barely misses you.
Use which ability? (? or * to list)
A demon appears!
You feel somewhat less full. The troll bites you. The troll closely misses you.
The troll claws you!
* * * LOW HITPOINT WARNING * * *
The cyclops throws a large rock.
The large rock hits you!!!
You die...

##............##...####..........
C.............C#..##......#......
.O...........)))).#.......##...#.
.O.......#..C.)#O).........#.....
.$............##..........<#...#.
.......#......##..........).....
..............T........#..)....
.. .............2................
... ......#.....@##..............
...............................).
............#..................).
#..............................)#
.......<......#................##
.....#........).................#
..............)..[)............##
.............#...))...........###
................)...............#


You could see a cyclops, a troll and a friendly green death.

Vanquished Creatures
  An unseen horror (D:9)
  Pikel (D:7)
  2 cyclopes
  An orc sorcerer (Orc:2)
  Maurice (D:8)
  A komodo dragon (D:10)
  A troll (Orc:4)
  Grinder (D:6)
  A centaur skeleton (D:9)
  A queen bee (D:9)
  A hydra skeleton (D:9)
  3 two-headed ogres
  A spriggan (D:7)
  A hill giant zombie (D:10)
  A wraith (D:10)
  Eustachio (D:5)
  Grum (D:8)
  4 ugly things (D:9)
  A human (D:4)
  4 wolves (D:8)
  A hungry ghost (D:8)
  2 hippogriffs
  Edmund (D:7)
  Menkaure (D:4)
  A soldier ant (D:10)
  A water moccasin (D:8)
  3 black bears
  7 orc warriors
  A slave (D:7)
  2 sky beasts
  11 ogres
  An ice beast (D:9)
  A crocodile (D:9)
  Blork the orc (D:8)
  A big kobold (D:7)
  2 centaurs
  2 giant frogs
  10 killer bees
  4 scorpions
  A hippogriff zombie (D:6)
  A yak zombie (D:8)
  2 jellies (D:9)
  A big fish (D:9)
  A goliath beetle (D:6)
  2 hounds
  4 crimson imps
  10 orc priests
  18 orc wizards
  Natasha (twice) (D:3)
  An iguana (D:7)
  14 worker ants
  A killer bee zombie (D:7)
  Ijyb (D:2)
  Jessica (D:3)
  A hound zombie (D:8)
  Terence (D:3)
  A hound skeleton (D:7)
  11 adders
  3 gnolls (D:7)
  2 giant mites
  A white imp (D:5)
  A shadow imp (D:7)
  6 worms
  A giant eyeball (D:9)
  2 giant geckos
  2 oozes (D:3)
  108 orcs
  8 bats
  A bat skeleton (D:7)
  A bat zombie (D:5)
  2 giant cockroaches
  20 goblins
  21 hobgoblins
  22 kobolds
  5 quokkas
  3 ball pythons
  3 giant newts (D:3)
  A hobgoblin skeleton (D:7)
  11 jackals
  2 jackal zombies (D:4)
  A kobold skeleton (D:4)
  2 orc skeletons
  An orc zombie (D:7)
  10 rats
  A plant (D:10)
397 creatures vanquished.

Vanquished Creatures (collateral kills)
  An ogre mage (Orc:4)
  Erolcha (D:9)
  A hill giant (Orc:4)
  A two-headed ogre (Orc:4)
  An ogre (Orc:4)
  A centaur (D:10)
  2 killer bees (D:9)
  An orc priest (Orc:4)
9 creatures vanquished.

Vanquished Creatures (others)
  A blizzard demon (Orc:4)
  2 ynoxinuls (D:9)
  2 slaves (D:7)
  5 sheep (D:9)
  11 ufetubi (D:9)
  A hobgoblin (D:4)
  A quokka (D:7)
  5 plants (D:9)
28 creatures vanquished.

Grand Total: 434 creatures vanquished

Notes
Turn   | Place    | Note
--------------------------------------------------------------
     0 | D:1      | Crauler, the Draconian Transmuter, began the quest for the Orb.
     0 | D:1      | Reached XP level 1. HP: 16/16 MP: 3/3
    92 | D:1      | Reached XP level 2. HP: 8/23 MP: 4/4
   909 | D:2      | Reached XP level 3. HP: 15/28 MP: 6/6
  1033 | D:2      | Noticed Ijyb
  1052 | D:1      | Learned a level 3 spell: Spider Form
  1062 | D:2      | Killed Ijyb
  1283 | D:2      | Reached XP level 4. HP: 24/36 MP: 5/7
  2384 | D:3      | Reached XP level 5. HP: 31/41 MP: 9/9
  2457 | D:3      | Noticed Natasha
  2469 | D:3      | Killed Natasha
  2469 | D:3      | Reached skill level 4 in Unarmed Combat
  2527 | D:3      | Found a blossoming altar of Fedhas.
  2530 | D:3      | Noticed Terence
  2542 | D:3      | Killed Terence
  2983 | D:3      | Noticed Natasha
  3096 | D:3      | Killed Natasha
  3132 | D:3      | Noticed Jessica
  3141 | D:3      | Killed Jessica
  3206 | D:3      | Reached XP level 6. HP: 36/50 MP: 11/11
  3471 | D:4      | Noticed Menkaure
  3483 | D:4      | Killed Menkaure
  3747 | D:4      | Noticed a human
  3756 | D:4      | Found a basalt altar of Yredelemnul.
  3774 | D:4      | Killed a human
  3774 | D:4      | Your scales start taking on a golden yellow colour.
  3774 | D:4      | Reached XP level 7. HP: 41/56 MP: 10/14
  3790 | D:4      | Reached skill level 5 in Unarmed Combat
  3969 | D:4      | Found a staircase to the Ecumenical Temple.
  3979 | Temple   | Entered the Ecumenical Temple
  4031 | Temple   | Became a worshipper of Makhleb the Destroyer
  4269 | D:5      | Entered Level 5 of the Dungeon
  4559 | D:5      | Reached skill level 1 in Invocations
  4600 | D:5      | Found a shattered altar of Ashenzari.
  4679 | D:5      | Acquired Makhleb's first power
  4793 | D:5      | Noticed Eustachio
  4808 | D:5      | Killed Eustachio
  4808 | D:5      | Reached skill level 5 in Transmutations
  4869 | D:5      | Gained mutation: You are somewhat resistant to further mutation. [potion of mutation]
  4869 | D:5      | Gained mutation: You have a slow metabolism. [potion of mutation]
  4937 | D:6      | Reached XP level 8. HP: 63/63 MP: 16/16
  5294 | D:6      | Acquired Makhleb's second power
  5335 | D:6      | Reached skill level 6 in Unarmed Combat
  5531 | D:6      | Noticed Grinder
  5550 | D:6      | Killed Grinder
  5634 | D:6      | Reached skill level 5 in Dodging
  5789 | D:7      | Reached XP level 9. HP: 50/71 MP: 18/20
  5893 | D:7      | Found a white marble altar of Elyvilon.
  6305 | D:7      | Reached skill level 7 in Unarmed Combat
  6341 | D:7      | Noticed Pikel
  6367 | D:7      | Killed Pikel
  6452 | D:7      | Noticed Edmund
  6461 | D:7      | Acquired Makhleb's third power
  6461 | D:7      | Killed Edmund
  6660 | D:7      | Learned a level 5 spell: Blade Hands
  6958 | D:8      | Noticed a cyclops
  6972 | D:8      | Reached skill level 5 in Fighting
  6984 | D:8      | Killed a cyclops
  7080 | D:8      | Reached XP level 10. HP: 76/81 MP: 19/21
  7084 | D:8      | Noticed Grum
  7119 | D:8      | Killed Grum
  7119 | D:8      | Reached skill level 8 in Unarmed Combat
  7122 | D:8      | Reached skill level 5 in Spellcasting
  7282 | D:8      | Noticed Maurice
  7316 | D:8      | Killed Maurice
  7323 | D:8      | Acquired Makhleb's fourth power
  7742 | D:8      | Noticed Blork the orc
  7748 | D:8      | Killed Blork the orc
  8367 | D:9      | Noticed Erolcha
  8371 | D:9      | Paralysed by Erolcha for 4 turns
  8617 | D:9      | Found a shimmering altar of Xom.
  8787 | D:9      | Killed Erolcha
  8787 | D:9      | Reached skill level 9 in Unarmed Combat
  8787 | D:9      | Reached skill level 5 in Invocations
  9161 | D:9      | Paralysed by a giant eyeball for 4 turns
  9275 | D:9      | Found a staircase to the Orcish Mines.
  9338 | D:9      | Learned a level 6 spell: Haste
  9443 | D:9      | Found a deep blue altar of Sif Muna.
  9522 | D:9      | Reached XP level 11. HP: 89/89 MP: 19/24
  9576 | D:10     | Entered Level 10 of the Dungeon
  9884 | D:9      | Killed an unseen horror
  9959 | D:10     | Reached skill level 1 in Charms
 10189 | D:10     | Found a staircase to the Lair.
 10409 | Orc:1    | Entered Level 1 of the Orcish Mines
 10464 | Orc:1    | Acquired Makhleb's fifth power
 10664 | Orc:1    | Found a burning altar of Makhleb.
 11240 | Orc:3    | Found Ucrusch's Magic Scroll Emporium.
 11257 | Orc:3    | Found Giulaep's Assorted Antiques.
 11629 | Orc:4    | Entered Level 4 of the Orcish Mines
 11684 | Orc:4    | Found a staircase to the Elven Halls.
 11997 | Orc:4    | Found Mnall's Antique Armour Emporium.
 12000 | Orc:4    | Noticed a hill giant
 12016 | Orc:4    | Noticed an ogre mage
 12025 | Orc:4    | Killed a hill giant
 12032 | Orc:4    | Killed an ogre mage
 12062 | Orc:4    | Reached skill level 10 in Unarmed Combat
 12076 | Orc:4    | Hit by a large rock thrown by a cyclops

Action                   |  1- 3 |  4- 6 |  7- 9 | 10-12 || total
-------------------------+-------+-------+-------+-------++-------
Melee: Unarmed           |   131 |   242 |   493 |   543 ||  1409
 Cast: Beastly Appendage |     2 |     8 |     5 |     8 ||    23
       Spider Form       |     1 |     8 |    16 |     5 ||    30
       Blade Hands       |       |       |     1 |    25 ||    26
Invok: Minor Destruction |       |       |     3 |    27 ||    30
       Lesser Servant of |       |       |       |     5 ||     5
       Major Destruction |       |       |       |     2 ||     2
       Greater Servant o |       |       |       |     2 ||     2
 Abil: Spit Acid         |       |       |     4 |     2 ||     6
Evoke: Wand              |       |       |     1 |     7 ||     8
  Use: Potion            |       |     4 |    12 |     2 ||    18
       Scroll            |       |       |    14 |     1 ||    15
 Stab: Sleeping          |       |       |     1 |     1 ||     2
       Distracted        |       |       |       |     1 ||     1
